 Dungeon Crawl Stone Soup version 0.24.1-8-ga250c9d538 (webtiles) character file.

Game seed: 17658063950268926649, levelgen mode: deterministic

169 Hugehornet the Changer (level 5, 0/33 HPs)
             Began as an Octopode Transmuter on May 1, 2020.
             Slain by a crimson imp
             ... wielding a +0 dagger of chaos
              (1 damage)
             ... on level 3 of the Dungeon.
             The game lasted 00:04:21 (1742 turns).

Hugehornet the Changer (Octopode Transmuter)        Turns: 1742, Time: 00:04:22

Health: 0/33       AC:  1    Str: 12    XL:     5   Next: 50%
Magic:  3/8        EV: 13    Int: 17    God:
Gold:   111        SH:  0    Dex: 12    Spells: 2/8 levels left

rFire    . . .     SeeInvis .     - Unarmed
rCold    . . .     Gourm    .   (no shield)
rNeg     . . .     Faith    .   (helmet restricted)
rPois    .         Spirit   .   (no amulet)
rElec    .         Reflect  .   l - +3 ring of strength
rCorr    .         Harm     .   (no ring)
MR       .....                  (no ring)
Stlth    ++........             (no ring)
HPRegen  0.11/turn              (no ring)
MPRegen  0.11/turn              (no ring)
                                (no ring)
                                (no ring)

@: lethally poisoned (0 -> -3), appendage, hasted, very quick
A: almost no armour, stealthy swim, amphibious, 8 rings, constrict 8, tentacle
spike 3, camouflage 1, gelatinous body 1
a: End Transformation


You were on level 3 of the Dungeon.
You were hungry.
One of your tentacles had a temporary spike.
You visited 1 branch of the dungeon, and saw 3 of its levels.

You collected 111 gold pieces.

Inventory:

Missiles
 a - 43 arrows
Jewellery
 l - a +3 ring of strength (left tentacle)
Scrolls
 d - 4 scrolls of identify {unknown}
 e - a scroll of random uselessness {unknown}
 f - a scroll of enchant weapon {unknown}
 g - 4 scrolls of teleportation {unknown}
 h - a scroll of enchant armour {unknown}
 i - 2 scrolls of remove curse {unknown}
 j - a scroll of magic mapping {unknown}
 k - 2 scrolls of blinking {unknown}
Potions
 b - 2 potions of haste
Comestibles
 c - 6 rations
 m - a chunk of flesh


   Skills:
 - Level 1.0 Fighting
 - Level 2.0 Dodging
 - Level 3.0 Unarmed Combat
 - Level 2.0 Spellcasting
 * Level 5.1 Transmutations
 + Level 2.1 Poison Magic


You had 2 spell levels left.
You knew the following spells:

 Your Spells              Type           Power        Failure   Level  Hunger
a - Beastly Appendage     Tmut           ###...       2%          1    #......
b - Sticks to Snakes      Tmut           ###.....     3%          2    ###....
c - Spider Form           Tmut/Pois      ##........   13%         3    ###....

Your spell library contained the following spells:

 Spells                   Type           Power        Failure   Level  Hunger
 Blade Hands              Tmut           ###.......   54%         5    ######.
 Ice Form                 Ice/Tmut       ##......     56%         4    #####..


Dungeon Overview and Level Annotations

Branches:
Dungeon (3/15)

Altars:
Xom


Innate Abilities, Weirdness & Mutations

You cannot wear most types of armour.
You are very stealthy in the water. (Stealth+)
You are amphibious.
You can wear up to eight rings at the same time.
You can use your tentacles to constrict eight enemies at once.
Your skin changes colour to match your surroundings (Stealth+).
Your rubbery body absorbs attacks. (AC +1, EV +1)
One of your tentacles bears a large vicious spike.


Message History

The crimson imp hits you with a +0 dagger of chaos.
* * * LOW HITPOINT WARNING * * *
You are lethally poisoned!
You tentacle-slap the crimson imp.
The crimson imp is moderately wounded.
You constrict the crimson imp.
* * * LOW HITPOINT WARNING * * *
You feel sick.
The crimson imp blinks free!
It was a potion of haste.
You feel yourself speed up.
You are feeling hungry.
* * * LOW HITPOINT WARNING * * *
You feel sick.
You completely miss the crimson imp. Your grab misses the crimson imp.
The crimson imp is lightly wounded.
* * * LOW HITPOINT WARNING * * *
You feel sick.
The crimson imp blinks!
The crimson imp hits you with a +0 dagger of chaos.
* * * LOW HITPOINT WARNING * * *
The crimson imp freezes you.
You die...

...............#...#.# # #
[..............'.....#.#.#
...............#.....#...#
#.######...#####.....)._.+ #...#
#.....# #...# ####..# ####...#
######..# #+###......#
#.5.....########...
.........#####..@....#.........##
.............#....ยง..#.........#.
.............#.....#(##........#.
.............#.....#.##........#
...........###.......##........#
##.........############........#
...............................##
.....##...................#......
..... #...................#......


You could see a crimson imp.

Vanquished Creatures
  2 crimson imps (D:3)
  Terence (D:2)
  2 adders (D:2)
  An ooze (D:1)
  2 dart slugs
  5 orcs (D:3)
  3 ball pythons
  A giant cockroach (D:2)
  4 goblins
  8 hobgoblins
  5 jackals (D:1)
  2 bats
  6 kobolds
  4 rats
46 creatures vanquished.

Notes
Turn   | Place    | Note
-------+----------+-------------------------------------------
     0 | D:1      | Hugehornet the Octopode Transmuter began the quest for the
                  | Orb.
     0 | D:1      | Reached XP level 1. HP: 13/13 MP: 3/3
   174 | D:1      | Reached XP level 2. HP: 18/18 MP: 3/5
   183 | D:1      | Reached skill level 3 in Transmutations
   373 | D:1      | Learned a level 2 spell: Sticks to Snakes
   404 | D:1      | Reached XP level 3. HP: 23/23 MP: 4/6
   420 | D:1      | Learned a level 3 spell: Spider Form
   859 | D:2      | Reached skill level 4 in Transmutations
   943 | D:2      | Reached XP level 4. HP: 26/28 MP: 5/7
  1230 | D:2      | Noticed Terence
  1236 | D:2      | Killed Terence
  1236 | D:2      | Reached skill level 1 in Poison Magic
  1686 | D:3      | Found a shimmering altar of Xom.
  1716 | D:3      | Reached XP level 5. HP: 19/33 MP: 2/8
  1728 | D:3      | Reached skill level 5 in Transmutations
  1742 | D:3      | HP: 1/33 [crimson imp/+0 dagger of chaos (2)]
  1742 | D:3      | Slain by a crimson imp

Levels and vault maps discovered:
D:1:      eino_arrival_cavern_b, layout_loops_ring,
          corexii_item_surrounded_by_moat
D:2:      minmay_door_path, layout_basic, first_ration, uniq_terence
D:3:      gammafunk_steamed_eel, layout_basic, led_xom_imps

Skill      XL: |  1  2  3  4  5 |
---------------+----------------+-----
Transmutations | 3 4 5 |  5.1
Poison Magic   | 1 2 |  2.1
Fighting       | |  1.0
Dodging        | |  2.0
Unarmed Combat | |  3.0
Spellcasting   | |  2.0

Action                   |  1- 3 |  4- 6 || total
-------------------------+-------+-------++-------
Melee: Unarmed           |    60 |    51 ||   111
       Kick              |    16 |    10 ||    26
       Constrict         |    22 |    13 ||    35
       Tentacles         |    11 |     9 ||    20
       Punch             |       |     1 ||     1
 Cast: Beastly Appendage |    24 |    10 ||    34
       Spider Form       |       |     1 ||     1
  Use: Potion            |       |     1 ||     1
 Stab: Sleeping          |     5 |     1 ||     6
  Eat: Chunk             |       |     3 ||     3
Armor: Skin              |     5 |     5 ||    10
Dodge: Dodged            |    31 |    45 ||    76
